 Dungeon Crawl Stone Soup version 0.31-a0-240-gb923e448b6 (webtiles) character file.

Game seed: 16649297709916010768

79 trueblamed the Covered (level 4, -7/39 HPs)
             Began as an Armataur Fighter on July 12, 2023.
             Killed by nerve-wracking pain
             ... invoked by Grinder
              (11 damage)
             ... while paralysed by Grinder
             ... on level 3 of the Dungeon.
             The game lasted 00:06:54 (2316 turns).

trueblamed the Covered (Armataur Fighter)           Turns: 2316, Time: 00:06:54

Health: -7/39      AC:  9    Str: 22    XL:     4   Next: 17%
Magic:  4/4        EV:  1    Int:  8    God:
Gold:   147        SH:  0    Dex: 11    Spells: 3/3 levels left

rFire   . . .        a - +0 flail
rCold   . . .        c - +0 buckler
rNeg    . . .        o - +0 plate armour
rPois   .            (no helmet)
rElec   .            h - scarf {shadows}
rCorr   .            (no gloves)
SInv    .            (no barding)
Will    .....        (no amulet) Stlth
                     (no ring)
HPRegen 0.26/turn    (no ring)
MPRegen 0.09/turn

%: roll
@: paralysed
A: large, rugged brown scales 3, deformed body, armoured tail, roll, long
tongue, awkward tongue
a: no special abilities


You were on level 3 of the Dungeon.
You visited 1 branch of the dungeon, and saw 4 of its levels.

You collected 147 gold pieces.

Inventory:

Hand Weapons
 a - a +0 flail (weapon)
 b - a +0 sling
Missiles
 f - 2 poisoned darts (quivered)
 j - 37 stones
Armour
 c - a +0 buckler (worn)
 h - a scarf of shadows (worn)
 k - a scarf of resistance
 o - a +0 plate armour (worn)
Wands
 p - a wand of digging (3)
Scrolls
 e - a scroll of identify {unknown}
 i - a scroll of noise {unknown}
 r - 3 scrolls of teleportation {unknown}
 s - a scroll of enchant weapon {unknown}
 t - a scroll of enchant armour {unknown}
Potions
 d - 2 potions of might
 g - a potion of degeneration {unknown}
 l - a potion of attraction {unknown}
 m - 3 potions of lignification {unknown}
 n - a potion of resistance {unknown}
 q - 2 potions of heal wounds {unknown}
 u - a potion of mutation {unknown}


   Skills:
 - Level 2.6 Fighting
 * Level 3.4 Maces & Flails
 + Level 3.7 Armour
 + Level 2.4 Stealth
 + Level 3.3 Shields


You had 3 spell levels left.
You didn't know any spells.
Your spell library contained the following spells:

 Spells                   Type           Power      Damage    Failure   Level
 Inner Flame              Hex/Fire       0%         N/A       100%        3
 Yara's Violent Unravell  Hex/Tmut       0%         3d3       100%        5
 Enfeeble                 Hex            0%         N/A       100%        7


Dungeon Overview and Level Annotations

Branches:
Dungeon (4/15)
 Temple: D:4-7

Altars:

Annotations:
D:3 Grinder


Innate Abilities, Weirdness & Mutations

You are completely covered in rugged brown scales. (AC +3, +7% HP)
Armour fits poorly on your strangely shaped body.
You have a long armoured tail.
You roll when moving toward enemies. (Rampage)
Your long tongue fully drains potion bottles. (2x potion effects)
Your tongue gives you trouble enunciating. (1.5x scroll delay)


Message History

You hit Grinder.
You tail-slap Grinder, but do no damage.
Grinder is moderately wounded.
Grinder hits you but does no damage.
You barely miss Grinder.
Grinder is moderately wounded.
Grinder hits you.
* * * LOW HITPOINT WARNING * * *
You writhe in agony.
* * * LOW HITPOINT WARNING * * *
Grinder blinks!
Grinder is nearby!
Grinder gestures at you.
You suddenly lose the ability to move!
Grinder gestures at you. You resist with significant effort.
Grinder gestures at you.
You shrug off the repeated paralysis!
You can move again.
There is a stone staircase leading down here.
Grinder hits you but does no damage.
You climb downwards.
The endoplasm quivers.
There is a stone staircase leading up here.
Grinder hits you.
* * * LOW HITPOINT WARNING * * *
You writhe in agony.
* * * LOW HITPOINT WARNING * * *
You climb upwards.
There is a stone staircase leading down here.
Grinder gestures at you. You resist with significant effort.
Grinder gestures at you. Pain shoots through your body!
* * * LOW HITPOINT WARNING * * *
Grinder gestures at you.
You suddenly lose the ability to move!
Grinder gestures at you. Pain shoots through your body!
You die...

.# #.####....# .#
#.........###### .#
######.......... .#
##.#.##### .. #.#.#
#.#.# #.#.########
..#....5...#
#####@####.#
####..###.# .#
#......##.# .#
##.#..#.##.# .#
#....#))...# .#
#...#..#...# .#
####..#..#..#.###.#
........#.......>.#
####.5#..#.#.#####


You could see Grinder.

Vanquished Creatures
  3 adders
  A worm (D:2)
  2 dart slugs
  3 endoplasms
  4 goblins
  5 hobgoblins
  3 jackals (D:1)
  7 kobolds
  2 quokkas (D:2)
  4 ball pythons
  4 bats
  2 frilled lizards
  6 rats
46 creatures vanquished.

Notes
Turn   | Place    | Note
-------+----------+-------------------------------------------
     0 | D:1      | trueblamed the Armataur Fighter began the quest for the
                  | Orb.
     0 | D:1      | Reached XP level 1. HP: 19/19 MP: 1/1
   143 | D:1      | Reached skill level 1 in Stealth
   146 | D:1      | Reached XP level 2. HP: 25/26 MP: 2/2
  1228 | D:2      | Reached XP level 3. HP: 30/32 MP: 3/3
  1997 | D:3      | Reached XP level 4. HP: 37/39 MP: 4/4
  2268 | D:3      | Noticed Grinder
  2288 | D:3      | Paralysed by Grinder for 5 turns
  2303 | D:3      | HP: 1/39 [Grinder/nerve-wracking pain (3)]
  2314 | D:3      | Paralysed by Grinder for 5 turns
  2316 | D:3      | Killed from afar by Grinder

Illustrated notes

Levels and vault maps discovered:
D:1:      sevenhm_arrival_forest_fort_small_6, layout_loops_ring, serial_rivers,
          chequers_serial_rivers_micro_e, chequers_serial_rivers_micro_c,
          chequers_serial_rivers_small_b, chequers_serial_rivers_large_a
D:2:      wad_pebble_path, layout_loops_ring, serial_glass, glass_columns_a,
          glass_columns_c, corexii_corridor_pit
D:3:      layout_loops_ring, fountainhead, minmay_misc_feat_diagonals,
          uniq_grinder
D:4:      layout_cave_pods, nicolae_wu_jian_wuxing_cycle, serial_demonic,
          serial_demonic_c, serial_demonic_e, serial_demonic_c,
          serial_demonic_d, ebering_ghost_rock_garden,
          nicolae_kite_square_tiling_tiny

Skill      XL: |  1  2  3 |
---------------+----------+-----
Maces & Flails | 2 3 |  3.4
Stealth        | 1 2 |  2.4
Fighting       | |  2.6
Armour         | |  3.7
Shields        | |  3.3

Action                     |  1- 3 |  4- 6 || total
---------------------------+-------+-------++-------
  Melee: Flail             |   105 |    22 ||   127
         Tailslap          |     9 |     4 ||    13
   Fire: Sling             |     2 |       ||     2
  Throw: Dart              |     3 |       ||     3
 Armour: Scale mail        |    54 |       ||    54
         Plate armour      |     5 |    11 ||    16
  Dodge: Dodged            |    34 |     4 ||    38
  Block: Buckler           |    18 |     4 ||    22

Table legend: (Time is in decaauts)
 A = Elapsed time spent in this place.
 B = Non-inter-level travel time spent in this place.
 C = Inter-level travel time spent in this place.
 D = Time resting spent in this place.
 E = Time spent auto-exploring this place.
 F = Levels seen in this place.
 G = Mean time per level.
                   A        B        C        D        E       F      G
               +--------+--------+--------+--------+--------+-----+--------+
         Total |   2347 |   2241 |    106 |     41 |   1828 |   4 |  586.8 |
       Dungeon |   2347 |   2241 |    106 |     41 |   1828 |   4 |  586.8 |
               +--------+--------+--------+--------+--------+-----+--------+

Top non-repeatable levels by time:
     D:1: 1205 daAuts
     D:2: 795 daAuts
     D:3: 344 daAuts
     D:4: 1 daAuts
